 Dungeon Crawl Stone Soup version 0.20.1-1-g8b1a95d (webtiles) character file.

240 Irenicus the Insei (level 6, -1/42 HPs)
             Began as an Octopode Chaos Knight on Oct 13, 2017.
             Slain by VirginKiller's ghost (11 damage)
             ... on level 4 of the Dungeon.
             The game lasted 00:05:29 (2477 turns).

Irenicus the Insei (Octopode Chaos Knight)          Turns: 2477, Time: 00:05:29

Health: -1/42      AC:  1    Str: 16    XL:     6   Next: 8%
Magic:  6/6        EV: 14    Int: 14    God:    Xom [..*...]
Gold:   198        SH:  0    Dex: 14    Spells: 5/5 levels left

rFire    + . .     SeeInvis .     - Unarmed
rCold    + . .     Gourm    .   (no shield)
rNeg     . . .     Faith    .   (helmet restricted)
rPois    +         Spirit   .   (no amulet)
rElec    +         Reflect  .   k - ring of resist corrosion
rCorr    +         Harm     .   (no ring)
MR       .....                  (no ring)
Stlth    ++........             (no ring)
Regen    0.2/turn               (no ring)
MPRegen  0.1/turn               (no ring)
                                (no ring)
                                (no ring)

@: mighty, resistant
A: almost no armour, stealthy swim, amphibious, 8 rings, constrict 8, camouflage
1, gelatinous body 1
a: Renounce Religion


You were on level 4 of the Dungeon.
You worshipped Xom.
You were a toy of Xom.
You were hungry.

You visited 1 branch of the dungeon, and saw 4 of its levels.

You collected 198 gold pieces.

Inventory:

Hand Weapons
 q - a +1 dagger of electrocution
Jewellery
 k - a ring of resist corrosion (left tentacle)
Wands
 r - a wand of polymorph (12/24)
Scrolls
 b - 3 scrolls of remove curse {unknown}
 d - 5 scrolls of teleportation {unknown}
 e - 6 scrolls of enchant armour {unknown}
 g - a scroll of recharging {unknown}
 j - 2 scrolls of identify {unknown}
 n - a scroll of enchant weapon {unknown}
 s - a scroll of random uselessness {unknown}
Potions
 l - a potion of brilliance
 m - a potion of degeneration {unknown}
 o - 2 potions of mutation {unknown}
Comestibles
 a - 3 bread rations
 f - 5 fruits
 p - a meat ration


   Skills:
 - Level 3.0 Fighting
 - Level 2.3 Dodging
 + Level 6.6 Unarmed Combat


You had 5 spell levels left.
You didn't know any spells.

Dungeon Overview and Level Annotations

Branches:
Dungeon (4/15)
 Temple: D:4-7

Altars:

Annotations:
D:4 VirginKiller's ghost, amateur DgTm


Innate Abilities, Weirdness & Mutations

You cannot wear most types of armour.
You are very stealthy in the water. (Stealth+)
You are amphibious.
You can wear up to eight rings at the same time.
You can use your tentacles to constrict eight enemies at once.
Your skin changes colour to match your surroundings (Stealth+).
Your rubbery body absorbs attacks. (AC +1, EV +1)


Message History

VirginKiller's ghost hits you!
You tentacle-slap VirginKiller's ghost.
VirginKiller's ghost is heavily damaged.
VirginKiller's ghost hits you.
It was a potion of might.
You feel very mighty all of a sudden.
Xom roars with laughter!
VirginKiller's ghost barely misses you.
You barely miss VirginKiller's ghost.
VirginKiller's ghost is heavily damaged.
VirginKiller's ghost hits you.
You closely miss VirginKiller's ghost.
VirginKiller's ghost is heavily damaged.
VirginKiller's ghost hits you.
* * * LOW HITPOINT WARNING * * *
You closely miss VirginKiller's ghost.
VirginKiller's ghost is heavily damaged.
VirginKiller's ghost hits you!
You die...
Xom chortles!

###########...
#####...##......#
....+...++......#
.#..#...##......#
....#...#.......#
....#...<.#####.#
...)....#.# #.##
......###.# #..#
#.# .#........###
##@# #.#
.#........... #W#
#.# ..
.###''.......
+.......# #.#..#
.# #.#.......
#.#.....# #.#..#
.###.######## #.
.....# #.#..#
.....# #.
.....#####.#..#
############ #.
#.........<##.##
# #......... ..
'#'######.....#
###.######## #.
.... #......


You could see VirginKiller's ghost.

Vanquished Creatures
  A centaur (D:3)
  An orc priest (D:3)
  A gnoll (D:1)
  5 adders
  2 leopard geckos
  8 orcs (D:3)
  5 giant cockroaches
  2 goblins
  11 hobgoblins
  3 jackals (D:1)
  8 kobolds
  2 quokkas (D:3)
  10 bats
  2 frilled lizards (D:3)
  7 rats
68 creatures vanquished.

Notes
Turn   | Place    | Note
-------+----------+-------------------------------------------
     0 | D:1      | Irenicus the Octopode Chaos Knight began the quest for the Orb.
     0 | D:1      | Reached XP level 1. HP: 16/16 MP: 1/1
    53 | D:1      | Reached XP level 2. HP: 17/21 MP: 2/2
   192 | D:1      | Reached skill level 4 in Unarmed Combat
   208 | D:1      | Reached XP level 3. HP: 18/26 MP: 3/3
   319 | D:1      | XOM: silly message
   336 | D:1      | XOM: harmless Tloc miscast
   583 | D:1      | XOM: divination: detect creatures
   947 | D:2      | Reached XP level 4. HP: 25/31 MP: 4/4
  1192 | D:3      | Reached skill level 5 in Unarmed Combat
  1206 | D:3      | XOM: harmless Tloc miscast
  1578 | D:3      | Reached XP level 5. HP: 32/36 MP: 5/5
  1707 | D:3      | Noticed a centaur
  1715 | D:3      | XOM: potion effect (curing)
  1731 | D:3      | Killed a centaur
  1731 | D:3      | Reached skill level 6 in Unarmed Combat
  1731 | D:3      | Reached XP level 6. HP: 13/42 MP: 6/6
  1781 | D:2      | XOM: divination: detect creatures
  2021 | D:3      | XOM: divination: detect creatures
  2088 | D:3      | XOM is BORED!
  2298 | D:3      | XOM: enchant monster (bad)
  2352 | D:4      | Noticed VirginKiller's ghost (amateur DgTm)
  2423 | D:4      | XOM: 1-stop teleportation journey
  2477 | D:4      | Slain by VirginKiller's ghost

Skill      XL: |  1  2  3  4  5 |
---------------+----------------+-----
Unarmed Combat | 4 5 6 |  6.6
Fighting       | |  3.0
Dodging        | |  2.3

Action                   |  1- 3 |  4- 6 || total
-------------------------+-------+-------++-------
Melee: Unarmed           |    67 |    98 ||   165
       Constrict         |    19 |    22 ||    41
       Tentacles         |     6 |    15 ||    21
       Punch             |     3 |     1 ||     4
Evoke: Wand              |       |     1 ||     1
  Use: Potion            |       |     4 ||     4
 Stab: Sleeping          |     2 |    12 ||    14
  Eat: Chunk             |       |     4 ||     4
Armor: Skin              |     4 |     4 ||     8
Dodge: Dodged            |    35 |    47 ||    82
